 Dungeon Crawl Stone Soup version 0.30-a0-920-g7493c07aab (webtiles) character file.

Game seed: 731146342915934116

489 Darkkill the Shooter (level 6, -2/55 HPs)
             Began as a Minotaur Hunter on Mar 21, 2023.
             Slain by an iguana (11 damage)
             ... on level 4 of the Dungeon.
             The game lasted 00:03:57 (3226 turns).

Darkkill the Shooter (Minotaur Hunter)              Turns: 3226, Time: 00:03:58

Health: -2/55      AC:  3    Str: 16    XL:     6   Next: 90%
Magic:  5/5        EV: 14    Int:  6    God:
Gold:   187        SH:  0    Dex: 21    Spells: 5/5 levels left

rFire   . . .      SeeInvis .    a - +0 shortbow (chaos)
rCold   . . .      Faith    .    (shield currently unavailable)
rNeg    . . .      Spirit   .    c - +0 leather armour
rPois   .          Reflect  .    (helmet restricted)
rElec   .          Rampage  .    (no cloak)
rCorr   .                        (no gloves)
Will    .....                    (no boots)
Stlth   +++                      (no amulet)
HPRegen 0.29/turn                o - +6 ring of dexterity
MPRegen 0.09/turn                (no ring)

@: no status effects
A: horns 2, retaliatory headbutt
a: no special abilities


You were on level 4 of the Dungeon.
You visited 1 branch of the dungeon, and saw 4 of its levels.

You collected 187 gold pieces.

Inventory:

Hand Weapons
 a - a +0 shortbow of chaos (weapon)
 b - a +3 scythe of flaming
Missiles
 e - 51 stones
 k - 4 poisoned darts
Armour
 c - a +0 leather armour (worn)
Jewellery
 o - a +6 ring of dexterity (left hand)
Wands
 q - a wand of digging (1)
Scrolls
 d - a scroll of identify {@r1}
 i - 3 scrolls of fear
 r - 2 scrolls of immolation
Potions
 f - a potion of magic {unknown}
 g - 4 potions of curing {@q1}
 h - 2 potions of lignification
 j - 2 potions of haste
 n - a potion of might
 p - a potion of attraction


   Skills:
 + Level 4.9 Fighting
 + Level 5.9 Ranged Weapons
 + Level 4.4 Dodging
 + Level 3.2 Stealth


You had 5 spell levels left.
You didn't know any spells.
Your spell library contained the following spells:

 Spells                   Type           Power      Damage    Failure   Level
 Beastly Appendage        Tmut           0%         N/A       52%         1
 Summon Small Mammal      Summ           0%         N/A       52%         1
 Wereblood                Tmut           0%         N/A       67%         2
 Call Canine Familiar     Summ           0%         N/A       88%         3
 Spider Form              Tmut/Pois      0%         N/A       88%         3
 Summon Guardian Golem    Hex/Summ       0%         N/A       88%         3


Dungeon Overview and Level Annotations

Branches:
Dungeon (4/15)
 Temple: D:4-7

Altars:
Ashenzari


Innate Abilities, Weirdness & Mutations

You have a pair of horns on your head.
You reflexively headbutt those who attack you in melee.


Message History

You pick up a book of Callings and begin reading...
You add the spells Summon Small Mammal, Call Canine Familiar and Summon Guardian Golem to your library.
No target in view!
No target in view!
Found a stone staircase leading down.
No target in view!
f - a murky brown potion
Found a scale mail.
No target in view!
A giant cockroach and 2 orcs come into view.
An orc is wielding a +0 club and wearing a +0 leather armour of positive energy.
The orc shouts!
You shoot an arrow. The orc shouts!
The arrow hits the giant cockroach.
The giant cockroach is moderately wounded.
You hear a shout!
An orc comes into view. It is wielding a +0 whip.
An orc wizard comes into view. It is wielding a +0 dagger.
An orc priest comes into view. It is wielding a +0 short sword.
There are monsters nearby!
You shoot an arrow. The arrow hits the orc!
The arrow burns the orc.
You kill the orc!
There are monsters nearby!
You shoot an arrow. The arrow hits the giant cockroach.
The arrow burns the giant cockroach.
The giant cockroach is severely wounded.
You shoot an arrow. The arrow hits the giant cockroach.
The giant cockroach goes berserk!
The giant cockroach is severely wounded.
The giant cockroach bites you. The giant cockroach barely misses you.
You furiously retaliate!
You headbutt the giant cockroach.
You kill the giant cockroach!
You shoot an arrow. The arrow closely misses the orc.
The arrow hits the orc wizard.
The arrow burns the orc wizard.
The orc wizard is moderately wounded.
An iguana comes into view.
The orc barely misses you.
The iguana moves out of view.
You shoot an arrow. The arrow hits the orc.
The orc seems to speed up.
The orc is heavily wounded.
The orc priest calls upon Beogh to heal the orc wizard.
The orc wizard's wounds heal themselves!
You shoot an arrow. The arrow closely misses the orc.
The orc barely misses you. You furiously retaliate!
You headbutt the orc, but do no damage. The orc hits you with a +0 club.
You shoot an arrow.
The arrow hits the orc but does no damage.
Lightning courses through the orc!
You kill the orc!
You shoot an arrow. The arrow hits the orc priest.
The orc priest suddenly seems more agile.
The orc priest is moderately wounded.
The orc priest closely misses you.
The orc priest hits you with a +0 short sword.
The orc wizard hits you with a +0 dagger.
You shoot an arrow. The arrow hits the orc priest!
The arrow freezes the orc priest.
You kill the orc priest!
The orc wizard hits you with a +0 dagger.
You shoot an arrow.
The arrow closely misses the orc wizard.
The orc wizard points at you and mumbles some strange words.
The puff of flame hits you! The orc barely misses you.
You are too injured to fight recklessly!
You are too injured to fight recklessly!
You shoot an arrow. The arrow hits the orc wizard!
The arrow freezes the orc wizard.
The orc wizard is almost dead.
The orc wizard barely misses you. The orc misses you.
The orc attacks as you move away! The orc hits you but does no damage.
You shoot an arrow. The arrow barely misses the orc wizard.
The arrow hits the orc.
You kill the orc!
The orc wizard points at you and mumbles some strange words.
The magic dart hits you!
You shoot an arrow.
The arrow closely misses the orc wizard.
The arrow hits the iguana!
The iguana suddenly seems more agile.
The iguana is severely wounded.
The orc wizard hits you but does no damage.
The iguana closely misses you. You furiously retaliate!
You headbutt the iguana. The orc wizard casts a spell at you.
You are confused.
You miss the orc wizard. You headbutt the orc wizard.
You kill the orc wizard!
The iguana misses you. The iguana closely misses you.
You bump into the rock wall.
The iguana misses you.
You bump into the rock wall.
The iguana bites you. The iguana barely misses you.
Things that are here:
a +0 dagger; a +0 robe; an orc corpse You're too confused to move!
The iguana bites you!
* * * LOW HITPOINT WARNING * * *
You clumsily bash the iguana but do no damage.
The iguana is almost dead.
You feel less confused. The iguana bites you!
You die...

###.......####
...................##
...................###
.....................###
...)...................#
........................
........................
......)).###............
#@l# ##........... #..#
##.......... #..#
##......... #..##
##.....>.. #[..#
##....... ##..##
##..##....
##..####.########
###....## ######


You could see an iguana (agile).

Vanquished Creatures
  Sigmund (D:3)
  A phantom (D:4)
  2 orc priests
  An iguana (D:4)
  An orc wizard (D:4)
  7 adders
  A worm (D:3)
  2 dart slugs
  7 orcs
  A ball python (D:1)
  A bat (D:2)
  9 endoplasms
  4 giant cockroaches
  8 goblins
  4 hobgoblins
  8 jackals
  5 kobolds
  A quokka (D:3)
  A frilled lizard (D:3)
  8 rats
73 creatures vanquished.

Notes
Turn   | Place    | Note
-------+----------+-------------------------------------------
     0 | D:1      | Darkkill the Minotaur Hunter began the quest for the Orb.
     0 | D:1      | Reached XP level 1. HP: 18/18 MP: 0/0
     9 | D:1      | Noticed a hog
     9 | D:1      | Noticed an eight-headed hydra
    10 | D:1      | Noticed an anaconda
    10 | D:1      | Noticed a komodo dragon
    80 | D:1      | Reached skill level 1 in Stealth
   242 | D:1      | Reached XP level 2. HP: 25/25 MP: 1/1
   975 | D:2      | Reached XP level 3. HP: 25/31 MP: 2/2
  1224 | D:2      | Reached XP level 4. HP: 31/38 MP: 3/3
  1771 | D:3      | Reached skill level 5 in Ranged Weapons
  2063 | D:3      | Found a broken altar of Ashenzari.
  2666 | D:3      | Reached XP level 5. HP: 13/46 MP: 4/4
  2821 | D:3      | Noticed Sigmund
  2826 | D:3      | Killed Sigmund
  2827 | D:3      | Reached XP level 6. HP: 53/53 MP: 5/5
  3225 | D:4      | HP: 9/55 [iguana (11)]
  3226 | D:4      | Slain by an iguana

Illustrated notes

Levels and vault maps discovered:
D:1:      onia_arrival_zoo_common, layout_loops_cross, chequers_jeans
D:2:      layout_loops_ring
D:3:      minmay_spotlight, layout_loops_corners, amcnicky_altar_gilded,
          grunt_decor_junction, uniq_sigmund
D:4:      layout_layer_cave, hangedman_decor_push

Skill      XL: |  1  2  3  4  5  6 |
---------------+-------------------+-----
Stealth        | 1 2 3 |  3.2
Fighting       | 3 4 |  4.9
Dodging        | 3 4 |  4.4
Ranged Weapons | 5 |  5.9

Action                     |  1- 3 |  4- 6 || total
---------------------------+-------+-------++-------
  Melee: Shortbow          |       |     2 ||     2
         Headbutt          |       |     1 ||     1
   Fire: Shortbow          |    74 |   121 ||   195
    Use: Scroll            |     5 |     7 ||    12
 Armour: Leather armour    |    15 |     8 ||    23
  Dodge: Dodged            |    38 |    34 ||    72

Table legend: (Time is in decaauts)
 A = Elapsed time spent in this place.
 B = Non-inter-level travel time spent in this place.
 C = Inter-level travel time spent in this place.
 D = Time resting spent in this place.
 E = Time spent auto-exploring this place.
 F = Levels seen in this place.
 G = Mean time per level.
                   A        B        C        D        E       F      G
               +--------+--------+--------+--------+--------+-----+--------+
         Total |   3282 |   3084 |    198 |    102 |   2526 |   4 |  820.5 |
       Dungeon |   3282 |   3084 |    198 |    102 |   2526 |   4 |  820.5 |
               +--------+--------+--------+--------+--------+-----+--------+

Top non-repeatable levels by time:
     D:3: 1313 daAuts
     D:1: 902 daAuts
     D:2: 839 daAuts
     D:4: 227 daAuts

Table legend:
 A = Kills in this place as a percentage of kills in the entire game.
 B = Kills by you in this place as a percentage of kills by you in the entire game.
 C = Kills by friends in this place as a percentage of kills by friends in the entire game.
 D = Other kills in this place as a percentage of other kills in the entire game.
 E = Experience gained in this place as a percentage of experience gained in the entire game.
 F = Experience gained in this place divided by the number of levels of this place that you have seen.
                   A       B       C       D       E      F
               +-------+-------+-------+-------+-------+----------------------
         Total | 100.0 | 100.0 |   N/A |   N/A | 100.0 | 174.8
       Dungeon | 100.0 | 100.0 |   N/A |   N/A | 100.0 | 174.8
               +-------+-------+-------+-------+-------+----------------------
